 Dungeon Crawl Stone Soup version 0.29-a0-542-g075992c915 (webtiles) character file.

Game seed: 17317050708878483862

3950 kae the Firebug (level 9, -9/73 HPs)
             Began as a Demigod Fire Elementalist on June 4, 2022.
             Mangled by a hornet (10 damage)
             ... on level 9 of the Dungeon.
             The game lasted 00:07:45 (9875 turns).

kae the Firebug (Demigod Fire Elementalist)         Turns: 9875, Time: 00:07:45

Health: -9/73      AC:  7    Str:  9    XL:     9   Next: 71%
Magic:  4/19       EV: 13    Int: 29    God:
Gold:   226        SH:  5    Dex: 14    Spells: 4/17 levels left

rFire   . . .      SeeInvis .   g - +0 short sword
rCold   . . .      Faith    .   c - +2 buckler of Jigsaw {Will+}
rNeg    + + .      Spirit   .   a - +0 robe
rPois   .          Reflect  .   s - +2 helmet "Gireixt" {rN++ rCorr Stlth+}
rElec   .          Harm     .   (no cloak)
rCorr   +          Rampage  .   v - +1 pair of gloves
Will    +....                   (no boots)
Stlth   +++.......              (no amulet)
HPRegen 0.22/turn               l - ring of flight
MPRegen 0.16/turn               w - ring of resist corrosion

@: lethally poisoned (-9 -> -20), flying, slowed, very slow
A: high MP 1, forlorn, divine attributes
a: no special abilities


You were on level 9 of the Dungeon.
You visited 1 branch of the dungeon, and saw 9 of its levels.
You also visited: Sewer.

You collected 226 gold pieces.

Inventory:

Hand Weapons
 g - a +0 short sword (weapon)
 y - a +2 quarterstaff of speed
Armour
 a - a +0 robe (worn)
 c - the +2 buckler of Jigsaw (worn) {Will+}
   (You acquired it on level 3 of the Dungeon)

   Will:      It increases your willpower.
 s - the +2 helmet "Gireixt" (worn) {rN++ rCorr Stlth+}
   (You found it on level 2 of the Dungeon)

   rN:        It greatly protects you from negative energy.
   rCorr:     It protects you from acid and corrosion.
   Stlth:     It makes you more stealthy.
 v - a +1 pair of gloves (worn)
Jewellery
 e - a ring of ice
 l - a ring of flight (left hand)
 w - a ring of resist corrosion (right hand)
Wands
 r - a wand of acid (4)
 t - a wand of flame (26)
 D - a wand of iceblast (6)
 E - a wand of digging (6)
 F - a wand of charming (3)
Scrolls
 h - a scroll of blinking
 z - a scroll of teleportation
 A - 2 scrolls of summoning
 C - a scroll of enchant armour
Potions
 b - a potion of magic
 d - 4 potions of brilliance
 f - 2 potions of heal wounds
 i - a potion of lignification
 j - 3 potions of mutation
 k - 2 potions of degeneration
 m - 2 potions of attraction
 n - a potion of flight
 o - 2 potions of curing
 p - a potion of cancellation {unknown}
 q - 2 potions of might
 u - a potion of ambrosia {unknown}
 x - a potion of haste {unknown}
 B - a potion of berserk rage {unknown}


   Skills:
 + Level 4.8 Fighting
 + Level 5.2 Dodging
 - Level 1.7 Stealth
 + Level 4.8 Spellcasting
 * Level 7.1 Conjurations
 * Level 7.5 Fire Magic


You had 4 spell levels left.
You knew the following spells:

 Your Spells              Type           Power      Damage    Failure   Level
a - Foxfire               Conj/Fire      100%       2x1d9     1%          1
b - Scorch                Fire           100%       2d10      1%          2
c - Conjure Flame         Conj/Fire      49%        6-21      1%          3
d - Inner Flame           Hex/Fire       29%        N/A       5%          3
e - Flame Wave            Conj/Fire      49%        2d10      4%          4

Your spell library contained the following spells:

 Spells                   Type           Power      Damage    Failure   Level
 Magic Dart               Conj           100%       1d8       1%          1
 Searing Ray              Conj           96%        2d7       1%          2
 Stone Arrow              Conj/Erth      54%        3d10      6%          3
 Sandblast                Erth           14%        2d6       9%          1
 Slow                     Hex            28%        N/A       9%          1
 Passwall                 Tmut/Erth      5%         N/A       13%         2
 Fulminant Prism          Conj/Hex       13%        3d9       21%         4
 Confusing Touch          Hex            7%         N/A       26%         3
 Vampiric Draining        Necr           7%         2d6       26%         3


Dungeon Overview and Level Annotations

Branches:
Dungeon (10/15)            Temple (0/1) D:5            Lair (0/6) D:10
  Sewer (visited)
    Orc: D:9-12

Shops:
D:7 [

Annotations:
D:4 Edmund
D:10 exclusion: troll


Innate Abilities, Weirdness & Mutations

You have an increased reservoir of magic. (+10% MP)
You shall have no god before yourself.
Your divine heritage dramatically boosts your attributes as you level up.


Message History

The hornet stings you!
You feel yourself slow down.
Casting: Foxfire (safe; 1% risk of failure)
Confirm with . or Enter, or press ? or * to list all spells.
Flames lash the hornet.
The hornet is moderately wounded.
The hornet's fire resistance burns away.
The hornet stings you but does no damage.
The hornet closely misses you. The hornet barely misses you.
You block the hornet's attack.
Casting: Scorch (safe; 1% risk of failure)
Confirm with . or Enter, or press ? or * to list all spells.
Flames lash the hornet.
The hornet is burned terribly!
The hornet is moderately wounded.
You feel yourself speed up. The hornet closely misses you.
The hornet barely misses you. The hornet stings you!
You feel yourself slow down. The hornet barely misses you.
Casting: Scorch (safe; 1% risk of failure)
Confirm with . or Enter, or press ? or * to list all spells.
Flames lash the hornet.
The hornet is burned terribly!
The hornet is heavily wounded.
The hornet stings you.
You feel as though you will be slow longer.
The hornet stings you.
You suddenly lose the ability to move!
The hornet barely misses you. The hornet stings you!
You feel as though you will be slow longer.
The hornet stings you!
* * * LOW HITPOINT WARNING * * *
You feel as though you will be slow longer.
You can move again.
You block the hornet's attack. The hornet closely misses you.
Casting: Scorch (safe; 1% risk of failure)
Confirm with . or Enter, or press ? or * to list all spells.
Flames lash the hornet.
The hornet is burned terribly!
The hornet is severely wounded.
The hornet stings you!
* * * LOW HITPOINT WARNING * * *
You are lethally poisoned!
You shrug off the repeated paralysis!
The hornet stings you!
You die...

..#........
..:...... .
#.......##..
...........
##..........
#.......!#..
...#...........
.......@..†....
.......)y......
...............
.....#####.....
..... .....
.... .... ...
... ... .).


You could see a hornet (combustible).

Vanquished Creatures
  A troll (D:10)
  Grinder (D:6)
  4 yaks (D:10)
  Sigmund (D:2)
  A wyvern (D:10)
  A water moccasin (D:6)
  An orc warrior (D:6)
  2 black bears (D:5)
  An ice beast (D:4)
  A sky beast (D:6)
  An ogre (D:4)
  A centaur (D:5)
  7 kobold brigands
  A bullfrog (D:6)
  2 scorpions (D:4)
  A necrophage (D:5)
  8 wights
  2 howler monkeys (D:9)
  3 jellies
  4 hounds
  Jessica (D:3)
  An iguana (D:5)
  Natasha (thrice) (D:2)
  5 orc wizards
  A gnoll (D:4)
  9 adders
  A river rat (Sewer)
  A shadow imp (D:6)
  An ufetubus (D:6)
  5 worms
  4 dart slugs
  12 orcs
  5 bats
  13 endoplasms
  4 giant cockroaches
  7 goblins
  7 hobgoblins
  12 kobolds
  2 quokkas
  13 ball pythons
  5 frilled lizards
  8 rats
164 creatures vanquished.

Vanquished Creatures (collateral kills)
  A dart slug (D:4)
  A foxfire (D:4)
2 creatures vanquished.

Vanquished Creatures (others)
  562 foxfires
562 creatures vanquished.

Grand Total: 728 creatures vanquished

Notes
Turn   | Place    | Note
-------+----------+-------------------------------------------
     0 | D:1      | kae the Demigod Fire Elementalist began the quest for the
                  | Orb.
     0 | D:1      | Reached XP level 1. HP: 14/14 MP: 5/5
   167 | D:1      | Reached skill level 1 in Conjurations
   561 | D:1      | Reached XP level 2. HP: 7/22 MP: 0/7
  1500 | D:2      | Learned a level 2 spell: Scorch
  1520 | D:2      | Reached XP level 3. HP: 27/27 MP: 2/8
  1676 | D:2      | Noticed Sigmund
  1720 | D:2      | Killed Sigmund
  1721 | D:2      | Reached skill level 1 in Fighting
  1721 | D:2      | Reached XP level 4. HP: 33/35 MP: 1/10
  1721 | D:2      | Reached XP level 5. HP: 37/40 MP: 1/11
  2004 | D:2      | Noticed Natasha
  2012 | D:2      | Killed Natasha
  2100 | D:2      | Noticed Natasha
  2120 | D:2      | Killed Natasha
  2353 | D:2      | Learned a level 3 spell: Conjure Flame
  2361 | D:2      | Identified the +2 helmet "Gireixt" {rN++ rCorr Stlth+}
  2501 | D:2      | Noticed Natasha
  2504 | D:2      | Killed Natasha
  2857 | D:3      | Identified a scroll of acquirement
  2857 | D:3      | Acquired the +2 buckler of Jigsaw {Will+}
  2858 | D:3      | Noticed Jessica
  2866 | D:3      | Killed Jessica
  2867 | D:3      | Reached XP level 6. HP: 48/48 MP: 7/12
  4437 | D:4      | Reached XP level 7. HP: 51/56 MP: 7/14
  4706 | D:4      | Noticed Edmund
  5576 | D:4      | Reached skill level 5 in Fire Magic
  5703 | D:5      | Entered Level 5 of the Dungeon
  5776 | D:5      | Found a glowing drain.
  5795 | Sewer    | Entered a sewer
  6492 | Sewer    | Reached XP level 8. HP: 30/63 MP: 5/16
  6819 | D:5      | Reached skill level 5 in Conjurations
  7199 | D:5      | Found a staircase to the Ecumenical Temple.
  7766 | D:6      | Noticed Grinder
  7788 | D:6      | Killed Grinder
  8017 | D:6      | Noticed a kobold demonologist
  8126 | D:6      | Learned a level 3 spell: Inner Flame
  8131 | D:6      | Learned a level 4 spell: Flame Wave
  8279 | D:5      | Reached XP level 9. HP: 56/71 MP: 6/18
  9270 | D:7      | Found Hevugoqe's Armour Emporium.
  9270 | D:7      | You are sucked into a shaft and drop 3 floors!
  9270 | D:10     | Entered Level 10 of the Dungeon
  9315 | D:10     | Reached skill level 5 in Dodging
  9752 | D:10     | Found a staircase to the Lair.
  9754 | D:10     | Noticed an elephant
  9871 | D:9      | Paralysed by a hornet for 3 turns
  9875 | D:9      | HP: 1/73 [hornet (13)]
  9875 | D:9      | Mangled by a hornet

Illustrated notes

Levels and vault maps discovered:
D:1:      eino_arrival_cavern_b, layout_basic,
          hellmonk_ecumenical_altar_leap_of_faith
D:2:      layout_basic, chequers_mini_garden, minmay_misc_feat_plants,
          minmay_fractal_squares_5, uniq_sigmund, uniq_natasha
D:3:      layout_loops_ring, doesnt_xom_only_xom, dk_noncrumbling_2,
          kennysheep_donut, minmay_misc_feat_rugged, uniq_jessica
D:4:      layout_loops_corners, cheibrodos_gnoll_hut, uniq_edmund
D:5:      layout_cave_pools, temple_hall, cheibrodos_sewer_entry_bend
D:6:      layout_gridville, uniq_grinder
D:7:      layout_loops_ring, enter_bailey_3, serial_shops, nicolae_diamond_shop,
          nicolae_shop_crystal, nicolae_shop_trees, due_unseen_surprise
D:9:      layout_rooms
D:10:     minmay_gate_of_8, layout_rooms, david_lair_generic,
          hangedman_abyss_or_decor_passed, kennysheep_nondescript

Skill      XL: |  1  2  3  4  5  6  7  8  9 |
---------------+----------------------------+-----
Conjurations   | 1 2 3 4 6 7 |  7.1
Dodging        | 2 3 4 5 |  5.2
Fire Magic     | 3 4 5 6 7 |  7.5
Spellcasting   | 2 3 4 |  4.8
Fighting       | 1 2 3 4 |  4.8
Stealth        | |  1.7

Action                   |  1- 3 |  4- 6 |  7- 9 || total
-------------------------+-------+-------+-------++-------
Melee: Unarmed           |     6 |       |       ||     6
       Short sword       |     4 |    10 |     6 ||    20
 Cast: Foxfire           |    61 |    80 |   192 ||   333
       Scorch            |     1 |    20 |    62 ||    83
       Conjure Flame     |       |     1 |     9 ||    10
       Flame Wave        |       |       |     3 ||     3
Evoke: Wand              |       |       |     2 ||     2
  Use: Scroll            |     2 |     3 |    13 ||    18
       Potion            |       |     4 |     1 ||     5
Armor: Robe              |     1 |    12 |    19 ||    32
       Skin              |       |    19 |       ||    19
Dodge: Dodged            |    15 |    24 |    76 ||   115
Block: Buckler           |       |     7 |    29 ||    36

Table legend: (Time is in decaauts)
 A = Elapsed time spent in this place.
 B = Non-inter-level travel time spent in this place.
 C = Inter-level travel time spent in this place.
 D = Time resting spent in this place.
 E = Time spent auto-exploring this place.
 F = Levels seen in this place.
 G = Mean time per level.
                   A        B        C        D        E       F      G
               +--------+--------+--------+--------+--------+-----+--------+
         Total |   9882 |   9569 |    313 |    859 |   7177 |  10 |  988.2 |
       Dungeon |   8983 |   8670 |    313 |    859 |   6467 |   9 |  998.1 |
         Sewer |    898 |    898 |      0 |      0 |    710 |   1 |  898.0 |
               +--------+--------+--------+--------+--------+-----+--------+

Top non-repeatable levels by time:
     D:4: 1552 daAuts
     D:3: 1401 daAuts
     D:1: 1389 daAuts
     D:5: 1375 daAuts
     D:2: 1362 daAuts
     D:6: 1294 daAuts
   Sewer: 898 daAuts
    D:10: 532 daAuts
     D:9: 75 daAuts
